Map: Oxide LE

Players

Eleven - Winner!

  • Race: Zerg Zerg
  • League: Diamond
  • Spawn Location: 1:00

Wrips

  • Race: Terran Terran
  • League: Diamond
  • Spawn Location: 7:00

VOD

Have the link to the VOD?

Description

Time

  • Played on: Dec. 12, 2020, 10:10 p.m.
  • Length: 5:31
Show
View Real Time Build Order
Export as new Build Order

Eleven Zerg - Winner!

Build Orders: Hatch First 

Get SALT Encoding   

  12  0:00  Drone  
  13  0:12  Overlord  
  13  0:16  Drone  
  14  0:31  Drone x2  
  16  0:49  Hatchery  
  15  0:52  Drone  
  15  0:56  Drone  
  17  0:59  Drone  
  18  1:10  Extractor  
  17  1:16  Spawning Pool  
  17  1:18  Drone  
  17  1:21  Drone  
  18  1:29  Drone  
  19  1:39  Drone  
  20  1:49  Overlord  
  20  2:09  Queen x2  
  20  2:10  Zergling x4  
  26  2:20  Drone  
  27  2:24  Drone  
  27  2:26  Drone  
  29  2:36  Extractor  
  28  2:41  Drone x2, Overlord  
  30  2:47  Hatchery  
  30  2:49  Drone  
  30  2:54  Drone  
  30  2:57  Metabolic Boost  
  31  3:00  Drone x2  
  33  3:06  Queen  
  35  3:15  Roach Warren  
  35  3:17  Extractor  
  35  3:18  Drone  
  35  3:19  Drone  
  35  3:21  Drone  
  35  3:25  Drone x2  
  38  3:28  Drone  
  38  3:30  Drone  
  40  3:36  Overlord  
  40  3:39  Overlord  
  40  3:46  Zergling x4  
  40  3:47  Zergling x2  
  43  3:49  Zergling x2  
  44  3:56  Roach x3  
  44  4:02  Roach  
  52  4:04  Roach  
  52  4:08  Roach x2  
  58  4:11  Roach  
  58  4:14  Roach  
  62  4:23  Roach  
  62  4:24  Roach  
  66  4:26  Overlord  
  66  4:31  Overlord  
  61  4:50  Roach, Zergling x2  
  61  4:51  Spore Crawler, Zergling x16  
  71  4:54  Ravager x2  
  71  4:56  Ravager  
Show
View Real Time Build Order
Export as new Build Order

Wrips Terran 

Build Orders: Liberator Opening 

Get SALT Encoding   

  12  0:00  SCV  
  13  0:12  SCV  
  14  0:17  Supply Depot  
  14  0:24  SCV  
  14  0:27  Refinery  
  15  0:38  SCV  
  16  0:44  Barracks  
  16  0:52  SCV  
  18  1:04  SCV  
  18  1:16  SCV  
  19  1:32  Orbital Command, Reaper  
  20  1:43  Command Center  
  20  1:51  Supply Depot  
  20  1:58  SCV  
  21  2:04  Marine  
  22  2:10  SCV  
  22  2:12  Factory  
  23  2:19  Refinery  
  23  2:22  SCV  
  24  2:23  Barracks Reactor  
  24  2:30  Engineering Bay  
  24  2:40  SCV  
  25  2:52  SCV  
  26  2:59  Orbital Command  
  26  3:01  Starport  
  26  3:09  Barracks Tech Lab  
  26  3:11  Hellion x2  
  26  3:12  SCV  
  30  3:17  Supply Depot  
  30  3:24  SCV  
  30  3:26  SCV  
  32  3:33  Hellion x2  
  36  3:38  SCV x2  
  36  3:39  Liberator  
  41  3:43  Stimpack  
  41  3:50  SCV x2  
  41  3:54  Hellion  
  47  3:55  Hellion  
  47  4:04  SCV, Supply Depot  
  47  4:05  SCV  
  49  4:17  SCV x2  
  51  4:25  Command Center, Starport Reactor  
  51  4:27  Factory Reactor  
  51  4:29  SCV x2, Supply Depot  
  53  4:41  SCV x2  
  53  4:44  Marine  
  56  4:50  Bunker  
  54  4:54  Supply Depot  
  54  4:55  Bunker  
  54  5:02  Marine  
  55  5:09  Widow Mine x2  
Tags
 
Add a new tag
Caveats
  • Supply blocks, unpowered buildings, or Contaminate may cause inaccurate times.
  • Supply counts are checked every 10 seconds.